 Dungeon Crawl Stone Soup version 0.20-a0-208-g55166f7 (webtiles) character file.

183 kae the Cudgeler (level 5, -1/41 HPs)
             Began as a Formicid Fighter on Nov 25, 2016.
             Slain by a gnoll
             ... wielding a +0 halberd
              (12 damage)
             ... on level 3 of the Dungeon.
             The game lasted 00:00:59 (1173 turns).

kae the Cudgeler (Formicid Fighter)                 Turns: 1173, Time: 00:01:00

Health: -1/41      AC:  6    Str: 21    XL:     5   Next: 94%
Magic:  5/5        EV:  7    Int:  8    God:
Gold:   170        SH:  9    Dex: 10    Spells: 4/4 levels left

rFire  . . .     SeeInvis +     a - +0 flail
rCold  . . .     Gourm    .     b - +0 scale mail
rNeg   . . .     Faith    .     c - +0 shield
rPois  .         Spirit   .     (helmet unavailable)
rElec  .         Reflect  .     (no cloak)
rCorr  .         Harm     .     (no gloves)
MR     .....                    (no boots)
Stlth  ..........               j - amulet of regeneration (curse)
                                (no ring)
                                (no ring)

@: no status effects
A: permanent stasis, dig shafts and tunnels, four strong arms, antennae 3
a: Dig, Shaft Self


You were on level 3 of the Dungeon.
You were not hungry.

You visited 1 branch of the dungeon, and saw 3 of its levels.

You collected 170 gold pieces.

Inventory:

Hand Weapons
 a - a +0 flail (weapon)
Armour
 b - a +0 scale mail (worn)
 c - a +0 shield (worn)
Jewellery
 j - a cursed amulet of regeneration (around neck)
 p - an uncursed ring of wizardry {unknown}
Scrolls
 h - 2 scrolls of identify
 m - a scroll of teleportation {unknown}
 n - a scroll of remove curse {unknown}
Potions
 e - 2 potions of heal wounds
 g - 2 potions of mutation
 k - a potion of curing
Comestibles
 f - 2 bread rations
 i - a beef jerky
 l - a slice of pizza
 o - a meat ration


   Skills:
 - Level 3.2 Fighting
 + Level 5.6 Maces & Flails
 - Level 3.2 Armour
 - Level 3.6 Shields


You had 4 spell levels left.
You didn't know any spells.

Dungeon Overview and Level Annotations

Branches:
Dungeon (3/15)

Altars:
Vehumet


Innate Abilities, Weirdness & Mutations

You cannot be hasted, slowed, berserked, paralysed or teleported.
You can dig through walls and to a lower floor.
Your four strong arms can wield two-handed weapons with a shield.
You have a pair of large antennae on your head. (SInv)


Message History

You block the goblin's attack.
You sock the frilled lizard!
You kill the frilled lizard!
The goblin barely misses you.
The gnoll hits you from afar with a halberd.
You are too injured to fight recklessly!
You are too injured to fight recklessly!
You are too injured to fight recklessly!
You are too injured to fight recklessly!
You closely miss the goblin. The goblin barely misses you.
The gnoll closely misses you.
You thump the goblin!
You kill the goblin!
You block the gnoll's attack.
Items here: ( )) † a dagger; a hunting sling; 24 stones; a goblin corpse You closely miss the gnoll.
The gnoll hits you with a halberd!
* * * LOW HITPOINT WARNING * * *
You closely miss the gnoll. The gnoll hits you with a halberd!
You die... ♣.§♣♣P.♣.# #.# ♣.. ♣.P♣≈♣.♣ PP♣

..P. ♣.P
♣.♣♣♣♣.♣♣ ♣..
.♣P♣. ♣.P ♣♣ ♣..♣
♣.♣♣.♣♣ .♣ ♣{PW♣
♣.♣ ♣..♣
.♣..P.♣..P ♣P..♣
♣.P.♣.P♣♣♣.P♣..P.
♣...P♣
♣...♣P..8...♣
.....♣♣
♣..P......#...
..♣.. .
♣.P♣...@g......
.... ..
♣PPP.♣.).#..._.
♣.P
♣♣P.♣..P.......
♣P♣......P.#... {
♣..PP♣P....P.
PP♣..♣♣♣P.♣♣PP
P###♣♣ ♣P. ###
###


You could see a gnoll.

Vanquished Creatures
  The ghost of deepsabbath the Chopper, an amateur DEFE of Gozag (D:3)
  A gnoll (D:3)
  4 adders
  A ball python (D:2)
  8 bats
  A giant cockroach (D:1)
  5 goblins
  3 hobgoblins
  A jackal (D:2)
  6 frilled lizards
  3 kobolds
  6 rats
40 creatures vanquished.

Notes
Turn   | Place    | Note
-------+----------+-------------------------------------------
     0 | D:1      | kae the Formicid Fighter began the quest for the Orb.
     0 | D:1      | Reached XP level 1. HP: 18/18 MP: 1/1
    76 | D:1      | Reached XP level 2. HP: 17/24 MP: 2/2
   147 | D:1      | Reached skill level 3 in Maces & Flails
   423 | D:2      | Reached XP level 3. HP: 29/29 MP: 3/3
   734 | D:2      | Reached skill level 4 in Maces & Flails
   734 | D:2      | Reached XP level 4. HP: 22/35 MP: 4/4
  1074 | D:3      | Noticed deepsabbath's ghost (amateur DEFE)
  1099 | D:3      | Killed deepsabbath's ghost
  1099 | D:3      | Reached skill level 5 in Maces & Flails
  1099 | D:3      | Reached XP level 5. HP: 34/41 MP: 5/5
  1161 | D:3      | Found a radiant altar of Vehumet.
  1173 | D:3      | Slain by a gnoll

Vault maps used:
D:1:      dpeg_arrival_more_subterranean_lakeside_camping
D:2:      wad_crossroads
D:3:      wad_woods_stonehenge

Skill      XL: |  1  2  3  4 |
---------------+-------------+-----
Maces & Flails | 3 4 5 |  5.6
Fighting       | |  3.2
Armour         | |  3.2
Shields        | |  3.6

Action                   |  1- 3 |  4- 6 || total
-------------------------+-------+-------++-------
Melee: Flail             |   106 |    37 ||   143
  Use: Scroll            |       |     3 ||     3
       Potion            |       |     1 ||     1
  Eat: Chunk             |       |     1 ||     1
Armor: Scale mail        |    54 |    19 ||    73
Dodge: Dodged            |    31 |    12 ||    43
Block: Shield            |    53 |    20 ||    73
